Map: Galactic Process LE

Players

llllllllllll - Winner!

  • Race: Protoss Protoss
  • League: Master

starkiller

  • Race: Zerg Zerg
  • League: Master

VOD

Have the link to the VOD?

Description

and again ^^

Time

  • Played on: July 19, 2016, 10:40 a.m.
  • Length: 12:41
Show
View Real Time Build Order
Export as new Build Order

llllllllllll Protoss - Winner!

Build Orders: 1 Gate Expand, Oracle Opening 

Get SALT Encoding   

  12  0:01  Probe (Chrono Boost)  
  13  0:11  Probe (Chrono Boost)  
  14  0:19  Pylon  
  14  0:22  Probe (Chrono Boost)  
  15  0:37  Probe (Chrono Boost)  
  15  0:38  Gateway  
  16  0:44  Assimilator  
  16  0:48  Probe (Chrono Boost)  
  17  0:58  Probe (Chrono Boost)  
  18  1:09  Probe (Chrono Boost)  
  19  1:22  Nexus  
  19  1:29  Zealot  
  21  1:40  Cybernetics Core  
  21  1:49  Pylon  
  21  1:52  Zealot  
  24  2:09  Probe (Chrono Boost)  
  24  2:11  Assimilator  
  24  2:20  Adept, Mothership Core (Chrono Boost)  
  28  2:30  Pylon  
  28  2:36  Probe (Chrono Boost)  
  29  2:38  Probe (Chrono Boost)  
  29  2:39  Warp Gate  
  27  2:53  Probe (Chrono Boost)  
  27  2:54  Probe (Chrono Boost)  
  26  3:03  Probe (Chrono Boost)  
  27  3:06  Probe (Chrono Boost)  
  27  3:14  Probe (Chrono Boost)  
  27  3:15  Stargate  
  27  3:18  Probe (Chrono Boost)  
  29  3:24  Probe (Chrono Boost)  
  29  3:28  Adept  
  29  3:30  Probe (Chrono Boost)  
  32  3:35  Probe (Chrono Boost)  
  33  3:49  Pylon  
  33  3:55  Oracle  
  32  3:58  Probe (Chrono Boost)  
  37  4:10  Probe (Chrono Boost)  
  37  4:11  Gateway  
  37  4:13  Gateway  
  37  4:20  Pylon  
  35  4:40  Oracle  
  35  4:42  Stalker  
  39  4:54  Pylon  
  39  4:56  Pylon  
  39  5:11  Oracle  
  42  5:22  Adept x3  
  42  5:27  Nexus  
  48  5:28  Pylon  
  48  5:33  Probe (Chrono Boost)  
  49  5:45  Probe (Chrono Boost)  
  49  5:47  Nexus  
  50  5:56  Adept x2  
  55  5:57  Probe (Chrono Boost)  
  55  5:58  Adept  
  57  6:08  Twilight Council  
  57  6:10  Probe (Chrono Boost)  
  58  6:21  Probe (Chrono Boost)  
  58  6:23  Pylon  
  59  6:26  Adept  
  61  6:43  Resonating Glaives  
  61  6:44  Oracle  
  58  6:58  Probe (Chrono Boost)  
  60  7:10  Probe x2 (Chrono Boost)  
  60  7:13  Gateway  
  61  7:22  Probe (Chrono Boost)  
  50  7:31  Adept x2  
  50  7:32  Adept  
  50  7:33  Probe (Chrono Boost)  
  50  7:35  Probe (Chrono Boost)  
  56  7:38  Gateway  
  56  7:42  Gateway  
  57  7:44  Probe (Chrono Boost)  
  57  7:45  Pylon  
  57  7:47  Probe (Chrono Boost)  
  58  7:54  Probe (Chrono Boost)  
  58  7:57  Adept x3  
  66  7:59  Probe (Chrono Boost)  
  66  8:09  Adept  
  68  8:18  Assimilator  
  68  8:20  Assimilator  
  68  8:33  Adept x3  
  68  8:34  Probe (Chrono Boost), Adept  
  76  8:40  Probe (Chrono Boost)  
  77  8:47  Probe (Chrono Boost)  
  78  8:57  Nexus  
  78  9:00  Pylon x2  
  78  9:06  Adept x3  
  78  9:08  Probe (Chrono Boost)  
  78  9:09  Probe (Chrono Boost)  
  82  9:24  Adept x3  
  88  9:32  Probe (Chrono Boost)  
  88  9:34  Probe (Chrono Boost)  
  90  9:41  Nexus  
  90  9:42  Pylon  
  90  9:50  Adept  
  90  9:51  Adept x2  
  90  9:56  Probe (Chrono Boost)  
  90  9:57  Probe (Chrono Boost)  
  80  10:14  Stalker x2  
  84  10:15  Adept x3  
  84  10:21  Templar Archives  
  90  10:23  Probe (Chrono Boost)  
  90  10:25  Probe (Chrono Boost)  
  92  10:31  Sentry, Pylon  
  94  10:39  Sentry x2  
  96  10:53  Probe (Chrono Boost), Pylon  
  96  10:55  Probe (Chrono Boost)  
  98  10:59  High Templar x4  
  98  11:04  Archon x2  
  106  11:05  High Templar x2  
  106  11:07  Probe (Chrono Boost)  
  106  11:08  Probe (Chrono Boost), Assimilator  
  112  11:12  Pylon  
  112  11:15  Archon  
  112  11:17  Assimilator  
  112  11:20  Probe (Chrono Boost), Forge  
  112  11:21  Probe (Chrono Boost)  
  114  11:39  Probe (Chrono Boost)  
  116  11:40  Probe (Chrono Boost)  
  112  12:04  Adept x4  
  112  12:05  High Templar x2  
  120  12:22  Archon  
Show
View Real Time Build Order
Export as new Build Order

starkiller Zerg 

Build Orders: Pool First 

Get SALT Encoding   

  12  0:01  Drone  
  13  0:08  Drone  
  13  0:12  Extractor  
  13  0:14  Drone  
  14  0:32  Spawning Pool  
  13  0:37  Drone  
  14  0:45  Drone, Extractor  
  15  0:51  Overlord  
  15  1:19  Zergling x6  
  15  1:20  Metabolic Boost  
  18  1:30  Zergling x2  
  19  1:40  Zergling x2  
  20  1:47  Hatchery  
  20  1:54  Queen  
  21  2:01  Overlord  
  21  2:08  Drone  
  22  2:18  Overlord  
  22  2:27  Zergling x2  
  22  2:29  Queen  
  25  2:46  Zergling x4  
  23  3:02  Zergling x10  
  27  3:09  Zergling x2  
  27  3:10  Zergling x2  
  29  3:24  Zergling x4  
  30  3:30  Zergling x2  
  30  3:32  Zergling x2  
  32  3:37  Zergling x4  
  34  3:45  Zergling x6  
  34  3:46  Zergling x4  
  36  3:50  Drone  
  36  3:55  Drone  
  36  4:04  Drone  
  32  4:25  Drone x2  
  32  4:27  Spore Crawler  
  32  4:28  Spore Crawler  
  32  4:29  Drone x6  
  37  4:33  Drone  
  38  4:39  Drone  
  38  4:40  Drone  
  39  4:52  Drone x2  
  40  5:07  Drone  
  40  5:08  Drone x2  
  43  5:17  Overlord x2  
  43  5:22  Evolution Chamber  
  43  5:27  Overlord  
  43  5:28  Drone  
  43  5:35  Queen x2  
  47  5:42  Drone x6  
  50  5:45  Drone x2  
  52  5:55  Zerg Melee Weapons Level 1  
  52  6:00  Drone, Extractor  
  52  6:01  Hatchery  
  52  6:02  Extractor  
  50  6:04  Drone  
  50  6:05  Drone  
  50  6:09  Zergling x2  
  50  6:10  Zergling x2  
  54  6:17  Zergling x2  
  54  6:18  Zergling x4  
  55  6:31  Zergling x2  
  53  6:38  Zergling x8  
  47  6:40  Zergling x2  
  47  6:43  Queen x2  
  45  6:53  Zergling x2  
  45  6:54  Zergling x4  
  44  7:00  Zergling x4  
  45  7:05  Zergling x4  
  47  7:17  Zergling x4  
  47  7:18  Zergling x2  
  47  7:19  Queen x2  
  45  7:29  Drone x3  
  42  7:35  Drone x2  
  44  7:38  Drone  
  45  7:45  Spore Crawler  
  43  7:52  Drone  
  43  7:54  Spore Crawler  
  43  7:56  Drone x3  
  44  8:00  Drone  
  45  8:07  Drone x2  
  45  8:11  Drone  
  48  8:16  Drone x2  
  50  8:20  Drone  
  51  8:35  Drone x6  
  51  8:40  Queen  
  59  8:50  Zergling x8  
  59  8:51  Zergling x2  
  59  8:53  Zergling x2  
  59  8:55  Zergling x2  
  66  9:04  Zergling x10  
  66  9:05  Zergling x2  
  66  9:07  Zergling x2  
  69  9:19  Zergling x2  
  64  9:26  Zergling x12  
  64  9:30  Zergling x6  
  63  9:41  Zergling x4  
  63  9:44  Zergling x2  
  64  9:50  Zergling x4  
  57  9:58  Drone x5  
  59  10:01  Drone  
  60  10:08  Drone  
  60  10:09  Drone x2  
  63  10:14  Drone  
  63  10:16  Lair  
  62  10:39  Drone x4  
  65  10:45  Drone x3  
  65  10:48  Overlord x3  
  66  11:06  Overlord, Extractor  
  66  11:07  Overlord x2, Drone  
  66  11:08  Drone x4  
  70  11:16  Baneling Nest  
  70  11:30  Drone x3  
  73  11:33  Hatchery  
  73  11:37  Evolution Chamber  
  73  11:38  Zergling x6  
  73  11:39  Zergling x2  
  75  11:46  Drone  
  76  11:47  Spine Crawler  
  76  11:48  Drone x2  
  76  11:49  Spine Crawler  
  76  11:54  Zergling x12  
  64  12:09  Zergling x2  
  64  12:10  Zergling x4  
  64  12:11  Zergling x4  
  64  12:12  Zergling x2  
  64  12:13  Zergling x4  
  65  12:16  Baneling x5  
  65  12:20  Zergling x10  
  65  12:21  Zergling x4  
  65  12:22  Zergling x2  
Tags
 
Add a new tag
Caveats
  • Supply blocks, unpowered buildings, or Contaminate may cause inaccurate times.
  • Supply counts are checked every 10 seconds.